Vancouver Canucks vs Pittsburgh Penguins

Created - Friday, September 5, 2025 at 08:49

Goals
1 2 3 T
Vancouver Canucks 3 1 1 5
Pittsburgh Penguins 0 3 1 4
Shots
1 2 3 T
Vancouver Canucks 8 8 13 29
Pittsburgh Penguins 19 17 7 43

1st period

1. Vancouver Canucks , Artturi Lehkonen 7 (Noah Hanifin 12) at 6:15 (PP)
2. Vancouver Canucks , Mikko Rantanen 15 (Clayton Keller 15, Artturi Lehkonen 10) at 10:09
3. Vancouver Canucks , Brett Leason 2 (Miro Heiskanen 12) at 14:16

Penalties :
Mikko Rantanen (VAN) for Tripping (Minor) at 1:27, Pavel Buchnevich (PIT) for Tripping (Minor) at 5:38, Mikko Rantanen (VAN) for Holding (Minor) at 19:29

2nd period

4. Pittsburgh Penguins , Ryan O'Reilly 13 (Gabriel Vilardi 14, Tage Thompson 20) at 7:58
5. Pittsburgh Penguins , Tage Thompson 12 (Ryan O'Reilly 17) at 12:23
6. Pittsburgh Penguins , Pavel Buchnevich 7 (Brian Dumoulin 11) at 13:07
7. Vancouver Canucks , Anton Lundell 6 (Aleksander Barkov 12) at 13:39

Penalties :
Miro Heiskanen (VAN) for Interference (Minor) at 8:07, Cam Talbot (VAN) for Delaying the game (Minor) at 14:53 - Artturi Lehkonen served the penalty

3rd period

8. Pittsburgh Penguins , Tage Thompson 13 (Ryan O'Reilly 18) at 12:40
9. Vancouver Canucks , Miro Heiskanen 2 (Aleksander Barkov 13) at 12:46

Penalties :
Tage Thompson (PIT) for Slashing (Minor) at 0:34, Blake Coleman (PIT) for Hooking (Minor) at 17:59

Goalie Stats

Cam Talbot (VAN), 39 saves from 43 shots - (0.907), W, 8-5-0, 60:00 minutes
John Gibson (PIT), 24 saves from 29 shots - (0.828), L, 10-5-2, 60:00 minutes

Players Stats for Vancouver Canucks

Player Name              G  A  P  +/- PIM S  H  SB GA TA FO     MP     PP MP  PK MP  
------------------------------------------------------------------------------------
Aleksander Barkov        0  2  2  -2  0   2  2  0  0  1  9/20   18:39   2:20   3:54 
Anton Lundell            1  0  1  -2  0   2  0  0  0  1  2/6    15:48   0:00   3:57 
Artturi Lehkonen         1  1  2   1  0   1  2  0  0  0  1/2    22:34   2:15   2:54 
Bobby McMann             0  0  0   0  0   2  1  1  1  0  0/0     9:43   0:00   0:00 
Brett Leason             1  0  1   1  0   3  3  1  0  0  0/0    12:10   0:00   3:32 
Casey Mittelstadt        0  0  0   1  0   2  0  0  1  1  1/3    11:14   2:02   0:45 
Clayton Keller           0  1  1   1  0   2  1  0  0  0  5/23   19:10   2:20   0:06 
Connor Zary              0  0  0  -2  0   1  0  0  0  0  0/1    14:03   2:15   0:00 
Emil Martinsen Lilleberg 0  0  0  -2  0   0  1  1  0  2  0/0    12:56   0:00   0:27 
Jake Bean                0  0  0  -2  0   0  0  0  0  1  0/0    11:59   0:00   0:00 
Jesperi Kotkaniemi       0  0  0   0  0   0  1  1  0  0  0/0    10:45   0:13   0:44 
Joel Hanley              0  0  0  -1  0   3  3  3  0  2  0/0    21:12   2:14   4:02 
Matias Maccelli          0  0  0   1  0   2  0  0  0  0  0/0     8:35   0:00   0:00 
Mikko Rantanen           1  0  1   1  4   2  0  0  0  2  1/3    19:08   2:20   0:00 
Miro Heiskanen           1  1  2   3  2   6  3  2  0  0  0/0    26:28   2:21   3:04 
Noah Hanifin             0  1  1   3  0   1  1  2  0  4  0/0    26:49   2:21   3:54 
Ryan McDonagh            0  0  0  -1  0   0  1  3  0  0  0/0    21:05   2:14   4:25 
Sean Couturier           0  0  0   0  0   0  2  2  0  1  3/7     9:43   0:00   0:00 

Players Stats for Pittsburgh Penguins

Player Name              G  A  P  +/- PIM S  H  SB GA TA FO     MP     PP MP  PK MP  
------------------------------------------------------------------------------------
Blake Coleman            0  0  0   0  2   2  0  0  1  0  1/1    12:32   0:00   0:00 
Brian Dumoulin           0  1  1  -1  0   1  1  1  0  0  0/0    22:21   3:39   2:00 
Carson Soucy             0  0  0   1  0   0  0  1  0  0  0/0    14:14   0:00   0:00 
Christian Dvorak         0  0  0   0  0   3  0  0  0  0  0/0     7:52   0:00   0:00 
Erik Gudbranson          0  0  0   1  0   1  1  0  0  1  0/0    14:14   0:00   0:00 
Erik Karlsson            0  0  0   0  0   2  0  1  0  0  0/0    23:25   4:17   2:35 
Gabriel Vilardi          0  1  1   1  0   3  0  0  0  0  1/1    16:35   3:28   0:00 
Jordan Eberle            0  0  0   0  0   2  1  0  1  0  0/0    12:32   0:00   0:00 
Leon Draisaitl           0  0  0  -1  0   3  2  0  4  0  15/19  20:38   4:28   2:13 
Mattias Ekholm           0  0  0  -1  0   0  1  0  0  0  0/0    22:21   3:39   2:00 
Mitchell Marner          0  0  0  -1  0   8  0  1  4  0  1/3    20:38   4:28   2:13 
Pavel Buchnevich         1  0  1   0  2   2  1  0  0  0  4/9    12:45   0:00   0:13 
Phillip Danault          0  0  0   0  0   1  0  0  1  0  2/2     7:52   0:00   0:00 
Ryan O'Reilly            1  2  3   1  0   9  2  2  2  1  16/26  18:44   3:28   2:09 
Sam Reinhart             0  0  0  -1  0   2  3  2  0  0  3/4    20:26   4:28   2:09 
Tage Thompson            2  1  3   1  2   4  2  0  1  0  0/0    16:42   3:28   0:00 
Travis Sanheim           0  0  0   0  0   0  1  2  1  0  0/0    23:25   4:17   2:35 
Zemgus Girgensons        0  0  0   0  0   0  0  0  0  0  0/0     8:06   0:00   0:13 

3 Stars

1 - Tage Thompson (PIT)
2 - Ryan O'Reilly (PIT)
3 - Miro Heiskanen (VAN)

Power Play

Vancouver Canucks - 1 on 3 Attempt(s) - 33.33%
Pittsburgh Penguins - 0 on 4 Attempt(s) - 0.00%

Penalty Kill

Vancouver Canucks - 4 on 4 Attempt(s) - 100.00% - Score 0 goal in Penalty Kill
Pittsburgh Penguins - 2 on 3 Attempt(s) - 66.67% - Score 0 goal in Penalty Kill

Team Stat

Vancouver Canucks - Hits : 21 - Faceoff Wins : 22 - Blocked Shots : 16 - Penalty Minutes : 8
Pittsburgh Penguins - Hits : 15 - Faceoff Wins : 43 - Blocked Shots : 10 - Penalty Minutes : 6

Official

Referees : Corey Syvret and Mitch Dunning
Linesman : Joseph Mahon and Shandor Alphonso

Game Notes

No Game Note

Finance

Level 1 -- Attendance: 4319 (71.98%) -- Ticket Income $431,900
Level 2 -- Attendance: 3610 (72.20%) -- Ticket Income $216,600
Level 3 -- Attendance: 2186 (72.87%) -- Ticket Income $76,510
Level 4 -- Attendance: 4033 (80.66%) -- Ticket Income $100,825
Luxury Box -- Attendance: 778 (77.80%) -- Ticket Income $155,600
Game was played at the Consol Energy Center.
Total Attendance: 14926 (74.63%)
Total Ticket Income: $981,435
Other Income: $343,502
Total Income: $1,324,937

Vancouver Canucks

5 vs 5 Forward 
   Center                   Left Wing                Right Wing               Time % Phy DF OF 
 1 Clayton Keller           Artturi Lehkonen         Mikko Rantanen           37     1   1  3  
 2 Aleksander Barkov        Connor Zary              Anton Lundell            28     1   2  2  
 3 Sean Couturier           Jesperi Kotkaniemi       Bobby McMann             21     1   2  2  
 4 Casey Mittelstadt        Matias Maccelli          Brett Leason             14     1   3  1  

5 vs 5 Defense 
   Defense                  Defense                                           Time % Phy DF OF 
 1 Noah Hanifin             Miro Heiskanen                                    30     1   2  2  
 2 Ryan McDonagh            Joel Hanley                                       30     1   2  2  
 3 Jake Bean                Emil Martinsen Lilleberg                          25     1   2  2  
 4 Noah Hanifin             Miro Heiskanen                                    15     1   2  2  

PowerPlay Forward 
   Center                   Left Wing                Right Wing               Time % Phy DF OF 
 1 Aleksander Barkov        Clayton Keller           Mikko Rantanen           50     0   1  4  
 2 Casey Mittelstadt        Connor Zary              Artturi Lehkonen         50     0   1  4  

PowerPlay Defense
   Defense                  Defense                                           Time % Phy DF OF 
 1 Noah Hanifin             Miro Heiskanen                                    50     0   1  4  
 2 Ryan McDonagh            Joel Hanley                                       50     0   1  4  

Penalty Kill 4 Players Forward 
   Center                   Wing                     Time % Phy DF OF 
 1 Anton Lundell            Brett Leason             50     1   2  2  
 2 Aleksander Barkov        Artturi Lehkonen         50     1   2  2  

Penalty Kill 4 Players Defense
   Defense                  Defense                  Time % Phy DF OF 
 1 Ryan McDonagh            Joel Hanley              50     1   2  2  
 2 Noah Hanifin             Miro Heiskanen           50     1   2  2  

Penalty Kill - 3 Players Forward 
   Forward                                           Time % Phy DF OF 
 1 Anton Lundell                                     50     1   2  2  
 2 Brett Leason                                      50     1   2  2  

Penalty Kill - 3 Players Defense
   Defense                  Defense                  Time % Phy DF OF 
 1 Ryan McDonagh            Joel Hanley              50     1   2  2  
 2 Noah Hanifin             Miro Heiskanen           50     1   2  2  

4 vs 4 Forward 
   Center                   Wing                     Time % Phy DF OF 
 1 Aleksander Barkov        Mikko Rantanen           50     1   2  2  
 2 Clayton Keller           Artturi Lehkonen         50     1   2  2  

4 vs 4 Defense
   Defense                  Defense                  Time % Phy DF OF 
 1 Noah Hanifin             Miro Heiskanen           50     1   2  2  
 2 Ryan McDonagh            Joel Hanley              50     1   2  2  

Last Minutes Offensive
   Center                   Left Wing                Right Wing               Defense                  Defense                  
   Aleksander Barkov        Clayton Keller           Mikko Rantanen           Noah Hanifin             Miro Heiskanen           

Last Minutes Defensive
   Center                   Left Wing                Right Wing               Defense                  Defense                  
   Anton Lundell            Artturi Lehkonen         Brett Leason             Ryan McDonagh            Joel Hanley              

Goaltenders
Starting : Cam Talbot               
Backup : Justus Annunen           

Extra Forwards
Normal : Mikko Rantanen, Artturi Lehkonen, Clayton Keller - PP : Mikko Rantanen, Clayton Keller - PK : Anton Lundell
Extra Defensemen
Normal : Miro Heiskanen, Noah Hanifin, Ryan McDonagh - PP : Miro Heiskanen - PK : Ryan McDonagh, Joel Hanley
Penalty Shots
Aleksander Barkov, Anton Lundell, Artturi Lehkonen, Jesperi Kotkaniemi, Noah Hanifin

Scratches
Ty Dellandrea (Healthy), Jacob Bernard-Docker (Healthy), Eemil Viro (Healthy), Jacob Bryson (Healthy)

Pittsburgh Penguins

5 vs 5 Forward 
   Center                   Left Wing                Right Wing               Time % Phy DF OF 
 1 Leon Draisaitl           Sam Reinhart             Mitchell Marner          30     1   2  2  
 2 Ryan O'Reilly            Tage Thompson            Gabriel Vilardi          30     1   2  2  
 3 Pavel Buchnevich         Blake Coleman            Jordan Eberle            25     1   2  2  
 4 Phillip Danault          Christian Dvorak         Zemgus Girgensons        15     1   2  2  

5 vs 5 Defense 
   Defense                  Defense                                           Time % Phy DF OF 
 1 Travis Sanheim           Erik Karlsson                                     35     1   2  2  
 2 Brian Dumoulin           Mattias Ekholm                                    35     1   2  2  
 3 Carson Soucy             Erik Gudbranson                                   30     1   2  2  
 4 Travis Sanheim           Erik Karlsson                                     0      1   2  2  

PowerPlay Forward 
   Center                   Left Wing                Right Wing               Time % Phy DF OF 
 1 Leon Draisaitl           Sam Reinhart             Mitchell Marner          50     1   2  2  
 2 Ryan O'Reilly            Tage Thompson            Gabriel Vilardi          50     1   2  2  

PowerPlay Defense
   Defense                  Defense                                           Time % Phy DF OF 
 1 Travis Sanheim           Erik Karlsson                                     50     1   2  2  
 2 Brian Dumoulin           Mattias Ekholm                                    50     1   2  2  

Penalty Kill 4 Players Forward 
   Center                   Wing                     Time % Phy DF OF 
 1 Mitchell Marner          Leon Draisaitl           50     1   2  2  
 2 Sam Reinhart             Ryan O'Reilly            50     1   2  2  

Penalty Kill 4 Players Defense
   Defense                  Defense                  Time % Phy DF OF 
 1 Travis Sanheim           Erik Karlsson            50     1   2  2  
 2 Brian Dumoulin           Mattias Ekholm           50     1   2  2  

Penalty Kill - 3 Players Forward 
   Forward                                           Time % Phy DF OF 
 1 Mitchell Marner                                   50     1   2  2  
 2 Leon Draisaitl                                    50     1   2  2  

Penalty Kill - 3 Players Defense
   Defense                  Defense                  Time % Phy DF OF 
 1 Travis Sanheim           Erik Karlsson            50     1   2  2  
 2 Brian Dumoulin           Mattias Ekholm           50     1   2  2  

4 vs 4 Forward 
   Center                   Wing                     Time % Phy DF OF 
 1 Mitchell Marner          Leon Draisaitl           50     1   2  2  
 2 Sam Reinhart             Ryan O'Reilly            50     1   2  2  

4 vs 4 Defense
   Defense                  Defense                  Time % Phy DF OF 
 1 Travis Sanheim           Erik Karlsson            50     1   2  2  
 2 Brian Dumoulin           Mattias Ekholm           50     1   2  2  

Last Minutes Offensive
   Center                   Left Wing                Right Wing               Defense                  Defense                  
   Leon Draisaitl           Sam Reinhart             Mitchell Marner          Travis Sanheim           Erik Karlsson            

Last Minutes Defensive
   Center                   Left Wing                Right Wing               Defense                  Defense                  
   Leon Draisaitl           Sam Reinhart             Mitchell Marner          Travis Sanheim           Erik Karlsson            

Goaltenders
Starting : John Gibson              
Backup : Jordan Binnington        

Extra Forwards
Normal : Christian Dvorak, Zemgus Girgensons, Pavel Buchnevich - PP : Christian Dvorak, Zemgus Girgensons - PK : Pavel Buchnevich
Extra Defensemen
Normal : Carson Soucy, Erik Gudbranson, Brian Dumoulin - PP : Carson Soucy - PK : Erik Gudbranson, Brian Dumoulin
Penalty Shots
Mitchell Marner, Leon Draisaitl, Sam Reinhart, Ryan O'Reilly, Tage Thompson

Scratches
Jack Finley (Healthy), Justin Kirkland (Healthy), Kale Clague (Healthy), Michael DiPietro (Healthy)

% Time on Ice - Vancouver Canucks

Lines # - Real PCT - Wanted PCT - Time Play
Normal Forward
1 - 35% - 37% - 16:28
2 - 27% - 28% - 12:43
3 - 20% - 21% - 9:43
4 - 18% - 14% - 8:35
Normal Defense
1 - 31% - 30% - 14:31
2 - 33% - 30% - 15:35
3 - 25% - 25% - 11:59
4 - 11% - 15% - 5:24
PP Forward
1 - 51% - 50% - 2:20
2 - 49% - 50% - 2:15
PP Defense
1 - 51% - 50% - 2:21
2 - 49% - 50% - 2:14
PK Forward
1 - 45% - 50% - 3:32
2 - 55% - 50% - 4:24
PK Defense
1 - 45% - 50% - 3:35
2 - 55% - 50% - 4:21
PK3 Forward
1 - 0% - 50%
2 - 0% - 50%
PK3 Defense
1 - 0% - 50%
2 - 0% - 50%
44 Forward
1 - 0% - 50%
2 - 0% - 50%
44 Defense
1 - 0% - 50%
2 - 0% - 50%
Last Minute Offensive  - 0:00
Last Minute Defensive  - 0:00
Total
Forward - 60:00
Defense - 60:00

% Time on Ice - Pittsburgh Penguins

Lines # - Real PCT - Wanted PCT - Time Play
Normal Forward
1 - 29% - 30% - 13:58
2 - 28% - 30% - 13:07
3 - 26% - 25% - 12:32
4 - 17% - 15% - 7:52
Normal Defense
1 - 35% - 35% - 16:33
2 - 35% - 35% - 16:42
3 - 30% - 30% - 14:14
4 - 0% - 0% - 0:00
PP Forward
1 - 56% - 50% - 4:28
2 - 44% - 50% - 3:28
PP Defense
1 - 54% - 50% - 4:17
2 - 46% - 50% - 3:39
PK Forward
1 - 53% - 50% - 2:26
2 - 47% - 50% - 2:09
PK Defense
1 - 56% - 50% - 2:35
2 - 44% - 50% - 2:00
PK3 Forward
1 - 0% - 50%
2 - 0% - 50%
PK3 Defense
1 - 0% - 50%
2 - 0% - 50%
44 Forward
1 - 0% - 50%
2 - 0% - 50%
44 Defense
1 - 0% - 50%
2 - 0% - 50%
Last Minute Offensive  - 0:00
Last Minute Defensive  - 0:00
Total
Forward - 60:00
Defense - 60:00

Play-by-Play

1st period


0:01 of 1st period - Leon Draisaitl wins face-off versus Artturi Lehkonen in neutral zone.
0:04 of 1st period - Clayton Keller is hit by Sam Reinhart and loses puck.
0:13 of 1st period - Snap shot by Mitchell Marner.
0:13 of 1st period - Deflect By Miro Heiskanen.
0:13 of 1st period - Stopped by Cam Talbot without a rebound.
0:14 of 1st period - Aleksander Barkov wins face-off versus Ryan O'Reilly in Vancouver Canucks zone.
0:29 of 1st period - Slapshot by Tage Thompson.
0:29 of 1st period - Stopped by Cam Talbot without a rebound.
0:30 of 1st period - Sean Couturier wins face-off versus Pavel Buchnevich in Vancouver Canucks zone.
0:30 of 1st period - Sean Couturier is hit by Jordan Eberle.
0:39 of 1st period - Off-side.
0:40 of 1st period - Sean Couturier wins face-off versus Pavel Buchnevich in neutral zone.
1:03 of 1st period - Wrist shot by Jordan Eberle.
1:03 of 1st period - Shot Misses the Net.
1:05 of 1st period - Slapshot by Erik Gudbranson.
1:05 of 1st period - Deflect By Sean Couturier.
1:05 of 1st period - Stopped by Cam Talbot without a rebound.
1:06 of 1st period - Phillip Danault wins face-off versus Clayton Keller in Vancouver Canucks zone.
1:13 of 1st period - Wrist shot by Christian Dvorak.
1:13 of 1st period - Stopped by Cam Talbot with a rebound.
1:15 of 1st period - Slapshot by Travis Sanheim.
1:15 of 1st period - Deflect By Phillip Danault.
1:15 of 1st period - Stopped by Cam Talbot with a rebound.
1:27 of 1st period - Minor Penalty to Mikko Rantanen for Tripping.
1:28 of 1st period - Leon Draisaitl wins face-off versus Anton Lundell in Vancouver Canucks zone.
1:33 of 1st period - Snap shot by Mitchell Marner.
1:33 of 1st period - Shot Blocked by Ryan McDonagh.
1:35 of 1st period - Wrist shot by Leon Draisaitl.
1:35 of 1st period - Stopped by Cam Talbot without a rebound.
1:36 of 1st period - Anton Lundell wins face-off versus Mitchell Marner in Vancouver Canucks zone.
1:45 of 1st period - Ryan McDonagh is hit by Sam Reinhart and loses puck.
2:24 of 1st period - Backhand shot by Leon Draisaitl.
2:24 of 1st period - Shot Blocked by Joel Hanley.
2:38 of 1st period - Slapshot by Brett Leason.
2:38 of 1st period - Shot Misses the Net.
2:47 of 1st period - Off-side.
2:48 of 1st period - Ryan O'Reilly wins face-off versus Anton Lundell in neutral zone.
2:59 of 1st period - Wrist shot by Brett Leason.
2:59 of 1st period - Shot Misses the Net.
3:27 of 1st period - Penalty to Mikko Rantanen is over, Mikko Rantanen is back on ice.
3:27 of 1st period - Icing by Ryan O'Reilly.
3:28 of 1st period - Ryan O'Reilly wins face-off versus Clayton Keller in Pittsburgh Penguins zone.
3:28 of 1st period - Ryan O'Reilly is hit by Joel Hanley.
4:36 of 1st period - Snap shot by Brett Leason.
4:36 of 1st period - Shot Blocked by Travis Sanheim.
4:40 of 1st period - Wrist shot by Matias Maccelli.
4:40 of 1st period - Shot Misses the Net.
4:47 of 1st period - Icing by Erik Karlsson.
4:48 of 1st period - Sam Reinhart wins face-off versus Clayton Keller in Pittsburgh Penguins zone.
5:15 of 1st period - Wrist shot by Aleksander Barkov.
5:15 of 1st period - Stopped by John Gibson without a rebound.
5:16 of 1st period - Pavel Buchnevich wins face-off versus Aleksander Barkov in Pittsburgh Penguins zone.
5:22 of 1st period - Snap shot by Anton Lundell.
5:22 of 1st period - Shot Misses the Net.
5:38 of 1st period - Minor Penalty to Pavel Buchnevich for Tripping.
5:39 of 1st period - Aleksander Barkov wins face-off versus Mitchell Marner in Pittsburgh Penguins zone.
6:15 of 1st period - Slapshot by Artturi Lehkonen.
6:15 of 1st period - Goal by Artturi Lehkonen - Vancouver Canucks : 1 - Pittsburgh Penguins : 0.
6:16 of 1st period - Leon Draisaitl wins face-off versus Mikko Rantanen in neutral zone.
6:31 of 1st period - Snap shot by Clayton Keller.
6:31 of 1st period - Shot Misses the Net.
6:33 of 1st period - Snap shot by Artturi Lehkonen.
6:33 of 1st period - Shot Misses the Net.
6:43 of 1st period - Joel Hanley is hit by Ryan O'Reilly and loses puck.
7:28 of 1st period - Backhand shot by Pavel Buchnevich.
7:28 of 1st period - Shot Misses the Net.
7:30 of 1st period - Snap shot by Pavel Buchnevich.
7:30 of 1st period - Shot Misses the Net.
7:32 of 1st period - Slapshot by Brian Dumoulin.
7:32 of 1st period - Deflect By Emil Martinsen Lilleberg.
7:32 of 1st period - Stopped by Cam Talbot with a rebound.
7:48 of 1st period - Wrist shot by Leon Draisaitl.
7:48 of 1st period - Deflect By Mitchell Marner.
7:48 of 1st period - Stopped by Cam Talbot with a rebound.
8:34 of 1st period - Slapshot by Phillip Danault.
8:34 of 1st period - Shot Misses the Net.
9:18 of 1st period - Snap shot by Mitchell Marner.
9:18 of 1st period - Stopped by Cam Talbot with a rebound.
9:24 of 1st period - Mitchell Marner is hit by Joel Hanley and loses puck.
9:52 of 1st period - Off-side.
9:53 of 1st period - Clayton Keller wins face-off versus Ryan O'Reilly in neutral zone.
9:55 of 1st period - Off-side.
9:56 of 1st period - Ryan O'Reilly wins face-off versus Clayton Keller in neutral zone.
10:09 of 1st period - Wrist shot by Mikko Rantanen.
10:09 of 1st period - Goal by Mikko Rantanen - Vancouver Canucks : 2 - Pittsburgh Penguins : 0.
10:10 of 1st period - Aleksander Barkov wins face-off versus Ryan O'Reilly in neutral zone.
10:15 of 1st period - Snap shot by Anton Lundell.
10:15 of 1st period - Stopped by John Gibson with a rebound.
10:51 of 1st period - Wrist shot by Leon Draisaitl.
10:51 of 1st period - Shot Blocked by Miro Heiskanen.
11:46 of 1st period - Erik Gudbranson is hit by Ryan McDonagh and loses puck.
12:15 of 1st period - Wrist shot by Mikko Rantanen.
12:15 of 1st period - Shot Blocked by Travis Sanheim.
12:40 of 1st period - Wrist shot by Christian Dvorak.
12:40 of 1st period - Stopped by Cam Talbot with a rebound.
12:42 of 1st period - Backhand shot by Zemgus Girgensons.
12:42 of 1st period - Shot Misses the Net.
14:16 of 1st period - Slapshot by Brett Leason.
14:16 of 1st period - Goal by Brett Leason - Vancouver Canucks : 3 - Pittsburgh Penguins : 0.
14:17 of 1st period - Ryan O'Reilly wins face-off versus Clayton Keller in neutral zone.
14:29 of 1st period - Off-side.
14:30 of 1st period - Clayton Keller wins face-off versus Ryan O'Reilly in neutral zone.
14:33 of 1st period - Snap shot by Clayton Keller.
14:33 of 1st period - Shot Blocked by Ryan O'Reilly.
14:40 of 1st period - Off-side.
14:41 of 1st period - Ryan O'Reilly wins face-off versus Aleksander Barkov in neutral zone.
14:54 of 1st period - Slapshot by Tage Thompson.
14:54 of 1st period - Deflect By Ryan O'Reilly.
14:54 of 1st period - Stopped by Cam Talbot with a rebound.
14:56 of 1st period - Wrist shot by Ryan O'Reilly.
14:56 of 1st period - Stopped by Cam Talbot with a rebound.
14:58 of 1st period - Wrist shot by Ryan O'Reilly.
14:58 of 1st period - Stopped by Cam Talbot with a rebound.
15:30 of 1st period - Snap shot by Phillip Danault.
15:30 of 1st period - Shot Misses the Net.
15:32 of 1st period - Wrist shot by Christian Dvorak.
15:32 of 1st period - Stopped by Cam Talbot with a rebound.
15:34 of 1st period - Snap shot by Erik Gudbranson.
15:34 of 1st period - Shot Blocked by Miro Heiskanen.
15:36 of 1st period - Snap shot by Phillip Danault.
15:36 of 1st period - Shot Blocked by Noah Hanifin.
15:59 of 1st period - Pavel Buchnevich is hit by Sean Couturier and loses puck.
16:18 of 1st period - Wrist shot by Anton Lundell.
16:18 of 1st period - Shot Blocked by Carson Soucy.
16:20 of 1st period - Slapshot by Joel Hanley.
16:20 of 1st period - Deflect By Ryan O'Reilly.
16:20 of 1st period - Stopped by John Gibson without a rebound.
16:21 of 1st period - Ryan O'Reilly wins face-off versus Aleksander Barkov in Pittsburgh Penguins zone.
16:26 of 1st period - Slapshot by Gabriel Vilardi.
16:26 of 1st period - Stopped by Cam Talbot with a rebound.
16:32 of 1st period - Slapshot by Ryan O'Reilly.
16:32 of 1st period - Stopped by Cam Talbot with a rebound.
16:34 of 1st period - Slapshot by Erik Karlsson.
16:34 of 1st period - Stopped by Cam Talbot with a rebound.
16:36 of 1st period - Wrist shot by Gabriel Vilardi.
16:36 of 1st period - Stopped by Cam Talbot without a rebound.
16:37 of 1st period - Clayton Keller wins face-off versus Leon Draisaitl in Vancouver Canucks zone.
17:10 of 1st period - Off-side.
17:11 of 1st period - Ryan O'Reilly wins face-off versus Connor Zary in neutral zone.
18:00 of 1st period - Slapshot by Clayton Keller.
18:00 of 1st period - Shot Blocked by Erik Karlsson.
18:06 of 1st period - Casey Mittelstadt is hit by Travis Sanheim and loses puck.
18:50 of 1st period - Snap shot by Aleksander Barkov.
18:50 of 1st period - Stopped by John Gibson with a rebound.
18:52 of 1st period - Slapshot by Ryan McDonagh.
18:52 of 1st period - Shot Misses the Net.
18:54 of 1st period - Slapshot by Joel Hanley.
18:54 of 1st period - Stopped by John Gibson with a rebound.
19:04 of 1st period - Snap shot by Leon Draisaitl.
19:04 of 1st period - Shot Misses the Net.
19:06 of 1st period - Slapshot by Mitchell Marner.
19:06 of 1st period - Shot Misses the Net.
19:08 of 1st period - Snap shot by Sam Reinhart.
19:08 of 1st period - Stopped by Cam Talbot without a rebound.
19:09 of 1st period - Leon Draisaitl wins face-off versus Clayton Keller in Vancouver Canucks zone.
19:29 of 1st period - Minor Penalty to Mikko Rantanen for Holding.
19:30 of 1st period - Ryan O'Reilly wins face-off versus Aleksander Barkov in Vancouver Canucks zone.
19:56 of 1st period - Mattias Ekholm is hit by Brett Leason and loses puck.
Goals for this period are 3 for Vancouver Canucks vs 0 for Pittsburgh Penguins.
Shots for this period are 8 for Vancouver Canucks vs 19 for Pittsburgh Penguins.

2nd period


0:01 of 2nd period - Ryan O'Reilly wins face-off versus Aleksander Barkov in neutral zone.
0:15 of 2nd period - Snap shot by Gabriel Vilardi.
0:15 of 2nd period - Deflect By Ryan O'Reilly.
0:15 of 2nd period - Stopped by Cam Talbot without a rebound.
0:16 of 2nd period - Leon Draisaitl wins face-off versus Anton Lundell in Vancouver Canucks zone.
1:08 of 2nd period - Brett Leason is hit by Tage Thompson and loses puck.
1:29 of 2nd period - Penalty to Mikko Rantanen is over, Mikko Rantanen is back on ice.
1:29 of 2nd period - Wrist shot by Tage Thompson.
1:29 of 2nd period - Stopped by Cam Talbot with a rebound.
1:31 of 2nd period - Wrist shot by Ryan O'Reilly.
1:31 of 2nd period - Stopped by Cam Talbot without a rebound.
1:32 of 2nd period - Sam Reinhart wins face-off versus Mikko Rantanen in Vancouver Canucks zone.
1:35 of 2nd period - Slapshot by Mitchell Marner.
1:35 of 2nd period - Stopped by Cam Talbot with a rebound.
1:47 of 2nd period - Snap shot by Mikko Rantanen.
1:47 of 2nd period - Shot Blocked by Sam Reinhart.
1:49 of 2nd period - Snap shot by Clayton Keller.
1:49 of 2nd period - Shot Misses the Net.
2:09 of 2nd period - Carson Soucy is hit by Bobby McMann and loses puck.
2:26 of 2nd period - Travis Sanheim is hit by Joel Hanley and loses puck.
2:31 of 2nd period - Snap shot by Aleksander Barkov.
2:31 of 2nd period - Shot Misses the Net.
4:24 of 2nd period - Snap shot by Leon Draisaitl.
4:24 of 2nd period - Stopped by Cam Talbot without a rebound.
4:25 of 2nd period - Aleksander Barkov wins face-off versus Leon Draisaitl in Vancouver Canucks zone.
4:51 of 2nd period - Tage Thompson is hit by Artturi Lehkonen and loses puck.
5:00 of 2nd period - Snap shot by Mikko Rantanen.
5:00 of 2nd period - Stopped by John Gibson without a rebound.
5:01 of 2nd period - Blake Coleman wins face-off versus Sean Couturier in Pittsburgh Penguins zone.
5:16 of 2nd period - Slapshot by Blake Coleman.
5:16 of 2nd period - Shot Blocked by Bobby McMann.
5:18 of 2nd period - Snap shot by Jordan Eberle.
5:18 of 2nd period - Shot Blocked by Sean Couturier.
5:33 of 2nd period - Off-side.
5:34 of 2nd period - Leon Draisaitl wins face-off versus Clayton Keller in neutral zone.
5:46 of 2nd period - Wrist shot by Clayton Keller.
5:46 of 2nd period - Stopped by John Gibson without a rebound.
5:47 of 2nd period - Gabriel Vilardi wins face-off versus Clayton Keller in Pittsburgh Penguins zone.
6:25 of 2nd period - Jordan Eberle is hit by Miro Heiskanen and loses puck.
6:57 of 2nd period - Phillip Danault is hit by Brett Leason and loses puck.
7:02 of 2nd period - Snap shot by Brett Leason.
7:02 of 2nd period - Shot Misses the Net.
7:04 of 2nd period - Wrist shot by Casey Mittelstadt.
7:04 of 2nd period - Stopped by John Gibson with a rebound.
7:06 of 2nd period - Snap shot by Joel Hanley.
7:06 of 2nd period - Stopped by John Gibson with a rebound.
7:24 of 2nd period - Snap shot by Clayton Keller.
7:24 of 2nd period - Shot Misses the Net.
7:34 of 2nd period - Tage Thompson is hit by Miro Heiskanen and loses puck.
7:47 of 2nd period - Erik Karlsson is hit by Aleksander Barkov.
7:56 of 2nd period - Wrist shot by Ryan O'Reilly.
7:56 of 2nd period - Shot Misses the Net.
7:58 of 2nd period - Wrist shot by Ryan O'Reilly.
7:58 of 2nd period - Goal by Ryan O'Reilly - Vancouver Canucks : 3 - Pittsburgh Penguins : 1.
7:59 of 2nd period - Pavel Buchnevich wins face-off versus Clayton Keller in neutral zone.
8:07 of 2nd period - Minor Penalty to Miro Heiskanen for Interference.
8:08 of 2nd period - Leon Draisaitl wins face-off versus Aleksander Barkov in Vancouver Canucks zone.
8:11 of 2nd period - Slapshot by Mitchell Marner.
8:11 of 2nd period - Stopped by Cam Talbot without a rebound.
8:12 of 2nd period - Leon Draisaitl wins face-off versus Aleksander Barkov in Vancouver Canucks zone.
8:15 of 2nd period - Wrist shot by Mitchell Marner.
8:15 of 2nd period - Stopped by Cam Talbot with a rebound.
8:17 of 2nd period - Slapshot by Brian Dumoulin.
8:17 of 2nd period - Shot Misses the Net.
8:29 of 2nd period - Wrist shot by Mitchell Marner.
8:29 of 2nd period - Shot Blocked by Joel Hanley.
8:47 of 2nd period - Backhand shot by Ryan O'Reilly.
8:47 of 2nd period - Shot Misses the Net.
8:49 of 2nd period - Wrist shot by Gabriel Vilardi.
8:49 of 2nd period - Deflect By Ryan O'Reilly.
8:49 of 2nd period - Shot Misses the Net.
8:49 of 2nd period - Puck is out of play.
8:50 of 2nd period - Leon Draisaitl wins face-off versus Anton Lundell in Vancouver Canucks zone.
10:07 of 2nd period - Penalty to Miro Heiskanen is over, Miro Heiskanen is back on ice.
10:08 of 2nd period - Mitchell Marner is hit by Artturi Lehkonen and loses puck.
10:30 of 2nd period - Wrist shot by Leon Draisaitl.
10:30 of 2nd period - Deflect By Sam Reinhart.
10:30 of 2nd period - Stopped by Cam Talbot with a rebound.
10:32 of 2nd period - Snap shot by Mitchell Marner.
10:32 of 2nd period - Shot Blocked by Emil Martinsen Lilleberg.
10:34 of 2nd period - Wrist shot by Mitchell Marner.
10:34 of 2nd period - Stopped by Cam Talbot with a rebound.
10:36 of 2nd period - Wrist shot by Erik Karlsson.
10:36 of 2nd period - Deflect By Sam Reinhart.
10:36 of 2nd period - Shot Misses the Net.
10:36 of 2nd period - Puck is out of play.
10:37 of 2nd period - Ryan O'Reilly wins face-off versus Sean Couturier in Vancouver Canucks zone.
10:40 of 2nd period - Wrist shot by Gabriel Vilardi.
10:40 of 2nd period - Shot Blocked by Jesperi Kotkaniemi.
10:46 of 2nd period - Wrist shot by Bobby McMann.
10:46 of 2nd period - Shot Misses the Net.
10:48 of 2nd period - Snap shot by Miro Heiskanen.
10:48 of 2nd period - Shot Blocked by Brian Dumoulin.
10:52 of 2nd period - Slapshot by Bobby McMann.
10:52 of 2nd period - Stopped by John Gibson without a rebound.
10:53 of 2nd period - Casey Mittelstadt wins face-off versus Pavel Buchnevich in Pittsburgh Penguins zone.
10:54 of 2nd period - Slapshot by Brett Leason.
10:54 of 2nd period - Shot Hit the Post.
11:06 of 2nd period - Slapshot by Jordan Eberle.
11:06 of 2nd period - Shot Blocked by Noah Hanifin.
11:08 of 2nd period - Snap shot by Blake Coleman.
11:08 of 2nd period - Stopped by Cam Talbot with a rebound.
11:20 of 2nd period - Brett Leason is hit by Brian Dumoulin and loses puck.
11:49 of 2nd period - Slapshot by Miro Heiskanen.
11:49 of 2nd period - Stopped by John Gibson with a rebound.
11:51 of 2nd period - Snap shot by Miro Heiskanen.
11:51 of 2nd period - Deflect By Tage Thompson.
11:51 of 2nd period - Stopped by John Gibson without a rebound.
11:52 of 2nd period - Pavel Buchnevich wins face-off versus Clayton Keller in Pittsburgh Penguins zone.
12:05 of 2nd period - Slapshot by Jordan Eberle.
12:05 of 2nd period - Stopped by Cam Talbot with a rebound.
12:07 of 2nd period - Wrist shot by Jordan Eberle.
12:07 of 2nd period - Stopped by Cam Talbot without a rebound.
12:08 of 2nd period - Ryan O'Reilly wins face-off versus Aleksander Barkov in Vancouver Canucks zone.
12:23 of 2nd period - Snap shot by Tage Thompson.
12:23 of 2nd period - Goal by Tage Thompson - Vancouver Canucks : 3 - Pittsburgh Penguins : 2.
12:24 of 2nd period - Mikko Rantanen wins face-off versus Leon Draisaitl in neutral zone.
12:35 of 2nd period - Wrist shot by Mitchell Marner.
12:35 of 2nd period - Deflect By Leon Draisaitl.
12:35 of 2nd period - Shot Misses the Net.
12:35 of 2nd period - Puck is out of play.
12:36 of 2nd period - Clayton Keller wins face-off versus Leon Draisaitl in Vancouver Canucks zone.
12:36 of 2nd period - Clayton Keller is hit by Sam Reinhart.
13:02 of 2nd period - Miro Heiskanen is hit by Mattias Ekholm and loses puck.
13:07 of 2nd period - Wrist shot by Pavel Buchnevich.
13:07 of 2nd period - Goal by Pavel Buchnevich - Vancouver Canucks : 3 - Pittsburgh Penguins : 3.
13:08 of 2nd period - Ryan O'Reilly wins face-off versus Clayton Keller in neutral zone.
13:39 of 2nd period - Wrist shot by Anton Lundell.
13:39 of 2nd period - Goal by Anton Lundell - Vancouver Canucks : 4 - Pittsburgh Penguins : 3.
13:40 of 2nd period - Leon Draisaitl wins face-off versus Clayton Keller in neutral zone.
13:40 of 2nd period - Mitchell Marner is hit by Clayton Keller and loses puck.
13:55 of 2nd period - Snap shot by Mitchell Marner.
13:55 of 2nd period - Shot Misses the Net.
14:19 of 2nd period - Slapshot by Aleksander Barkov.
14:19 of 2nd period - Shot Misses the Net.
14:31 of 2nd period - Snap shot by Tage Thompson.
14:31 of 2nd period - Deflect By Sean Couturier.
14:31 of 2nd period - Shot Misses the Net.
14:31 of 2nd period - Puck is out of play.
14:32 of 2nd period - Ryan O'Reilly wins face-off versus Sean Couturier in Vancouver Canucks zone.
14:51 of 2nd period - Snap shot by Gabriel Vilardi.
14:51 of 2nd period - Stopped by Cam Talbot without a rebound.
14:52 of 2nd period - Leon Draisaitl wins face-off versus Clayton Keller in Vancouver Canucks zone.
14:53 of 2nd period - Snap shot by Mitchell Marner.
14:53 of 2nd period - Stopped by Cam Talbot without a rebound.
14:53 of 2nd period - Minor Penalty to Cam Talbot for Delaying the game.
14:54 of 2nd period - Aleksander Barkov wins face-off versus Ryan O'Reilly in Vancouver Canucks zone.
15:21 of 2nd period - Aleksander Barkov is hit by Leon Draisaitl and loses puck.
15:32 of 2nd period - Snap shot by Mitchell Marner.
15:32 of 2nd period - Shot Blocked by Joel Hanley.
16:08 of 2nd period - Wrist shot by Miro Heiskanen.
16:08 of 2nd period - Shot Blocked by Mitchell Marner.
16:53 of 2nd period - Penalty to Artturi Lehkonen is over, Artturi Lehkonen is back on ice.
17:56 of 2nd period - Mattias Ekholm is hit by Aleksander Barkov and loses puck.
Goals for this period are 1 for Vancouver Canucks vs 3 for Pittsburgh Penguins.
Shots for this period are 8 for Vancouver Canucks vs 17 for Pittsburgh Penguins.

3rd period


0:01 of 3rd period - Leon Draisaitl wins face-off versus Clayton Keller in neutral zone.
0:27 of 3rd period - Off-side.
0:28 of 3rd period - Anton Lundell wins face-off versus Ryan O'Reilly in neutral zone.
0:34 of 3rd period - Minor Penalty to Tage Thompson for Slashing.
0:35 of 3rd period - Mitchell Marner wins face-off versus Casey Mittelstadt in Pittsburgh Penguins zone.
0:39 of 3rd period - Snap shot by Erik Karlsson.
0:39 of 3rd period - Stopped by Cam Talbot with a rebound.
0:49 of 3rd period - Slapshot by Casey Mittelstadt.
0:49 of 3rd period - Shot Misses the Net.
0:51 of 3rd period - Snap shot by Artturi Lehkonen.
0:51 of 3rd period - Shot Misses the Net.
2:34 of 3rd period - Penalty to Tage Thompson is over, Tage Thompson is back on ice.
3:07 of 3rd period - Erik Gudbranson is hit by Emil Martinsen Lilleberg and loses puck.
3:45 of 3rd period - Off-side.
3:46 of 3rd period - Phillip Danault wins face-off versus Sean Couturier in neutral zone.
5:15 of 3rd period - Wrist shot by Bobby McMann.
5:15 of 3rd period - Shot Misses the Net.
5:17 of 3rd period - Slapshot by Noah Hanifin.
5:17 of 3rd period - Stopped by John Gibson without a rebound.
5:18 of 3rd period - Sam Reinhart wins face-off versus Clayton Keller in Pittsburgh Penguins zone.
5:45 of 3rd period - Joel Hanley is hit by Ryan O'Reilly and loses puck.
6:14 of 3rd period - Snap shot by Phillip Danault.
6:14 of 3rd period - Shot Misses the Net.
7:24 of 3rd period - Gabriel Vilardi is hit by Brett Leason and loses puck.
7:43 of 3rd period - Off-side.
7:44 of 3rd period - Leon Draisaitl wins face-off versus Clayton Keller in neutral zone.
8:12 of 3rd period - Slapshot by Erik Karlsson.
8:12 of 3rd period - Deflect By Pavel Buchnevich.
8:12 of 3rd period - Shot Misses the Net.
8:12 of 3rd period - Puck is out of play.
8:13 of 3rd period - Aleksander Barkov wins face-off versus Pavel Buchnevich in Vancouver Canucks zone.
8:30 of 3rd period - Slapshot by Erik Karlsson.
8:30 of 3rd period - Deflect By Blake Coleman.
8:30 of 3rd period - Stopped by Cam Talbot with a rebound.
8:38 of 3rd period - Travis Sanheim is hit by Sean Couturier and loses puck.
8:55 of 3rd period - Snap shot by Blake Coleman.
8:55 of 3rd period - Shot Blocked by Sean Couturier.
8:57 of 3rd period - Snap shot by Pavel Buchnevich.
8:57 of 3rd period - Stopped by Cam Talbot without a rebound.
8:58 of 3rd period - Leon Draisaitl wins face-off versus Clayton Keller in Vancouver Canucks zone.
9:19 of 3rd period - Clayton Keller is hit by Leon Draisaitl and loses puck.
9:28 of 3rd period - Slapshot by Miro Heiskanen.
9:28 of 3rd period - Shot Blocked by Sam Reinhart.
10:44 of 3rd period - Slapshot by Miro Heiskanen.
10:44 of 3rd period - Shot Misses the Net.
10:46 of 3rd period - Slapshot by Miro Heiskanen.
10:46 of 3rd period - Stopped by John Gibson with a rebound.
11:00 of 3rd period - Wrist shot by Clayton Keller.
11:00 of 3rd period - Stopped by John Gibson without a rebound.
11:01 of 3rd period - Ryan O'Reilly wins face-off versus Aleksander Barkov in Pittsburgh Penguins zone.
11:11 of 3rd period - Slapshot by Tage Thompson.
11:11 of 3rd period - Shot Blocked by Ryan McDonagh.
11:21 of 3rd period - Joel Hanley is hit by Tage Thompson and loses puck.
11:46 of 3rd period - Pavel Buchnevich is hit by Jesperi Kotkaniemi and loses puck.
11:59 of 3rd period - Slapshot by Brett Leason.
11:59 of 3rd period - Deflect By Matias Maccelli.
11:59 of 3rd period - Stopped by John Gibson with a rebound.
12:05 of 3rd period - Emil Martinsen Lilleberg is hit by Pavel Buchnevich and loses puck.
12:36 of 3rd period - Slapshot by Jordan Eberle.
12:36 of 3rd period - Deflect By Pavel Buchnevich.
12:36 of 3rd period - Shot Misses the Net.
12:36 of 3rd period - Puck is out of play.
12:37 of 3rd period - Ryan O'Reilly wins face-off versus Aleksander Barkov in Vancouver Canucks zone.
12:40 of 3rd period - Wrist shot by Tage Thompson.
12:40 of 3rd period - Goal by Tage Thompson - Vancouver Canucks : 4 - Pittsburgh Penguins : 4.
12:41 of 3rd period - Aleksander Barkov wins face-off versus Ryan O'Reilly in neutral zone.
12:44 of 3rd period - Slapshot by Miro Heiskanen.
12:44 of 3rd period - Stopped by John Gibson without a rebound.
12:45 of 3rd period - Aleksander Barkov wins face-off versus Ryan O'Reilly in Pittsburgh Penguins zone.
12:46 of 3rd period - Slapshot by Miro Heiskanen.
12:46 of 3rd period - Goal by Miro Heiskanen - Vancouver Canucks : 5 - Pittsburgh Penguins : 4.
12:47 of 3rd period - Clayton Keller wins face-off versus Ryan O'Reilly in neutral zone.
12:50 of 3rd period - Slapshot by Miro Heiskanen.
12:50 of 3rd period - Stopped by John Gibson without a rebound.
12:51 of 3rd period - Artturi Lehkonen wins face-off versus Ryan O'Reilly in Pittsburgh Penguins zone.
14:19 of 3rd period - Backhand shot by Travis Sanheim.
14:19 of 3rd period - Shot Blocked by Ryan McDonagh.
14:21 of 3rd period - Snap shot by Gabriel Vilardi.
14:21 of 3rd period - Deflect By Tage Thompson.
14:21 of 3rd period - Shot Misses the Net.
14:21 of 3rd period - Puck is out of play.
14:22 of 3rd period - Ryan O'Reilly wins face-off versus Clayton Keller in Vancouver Canucks zone.
14:35 of 3rd period - Slapshot by Ryan O'Reilly.
14:35 of 3rd period - Stopped by Cam Talbot with a rebound.
14:53 of 3rd period - Slapshot by Ryan O'Reilly.
14:53 of 3rd period - Stopped by Cam Talbot without a rebound.
14:54 of 3rd period - Leon Draisaitl wins face-off versus Aleksander Barkov in Vancouver Canucks zone.
15:21 of 3rd period - Pavel Buchnevich is hit by Noah Hanifin and loses puck.
15:28 of 3rd period - Miro Heiskanen is hit by Erik Gudbranson and loses puck.
15:47 of 3rd period - Wrist shot by Bobby McMann.
15:47 of 3rd period - Stopped by John Gibson with a rebound.
15:49 of 3rd period - Slapshot by Noah Hanifin.
15:49 of 3rd period - Shot Misses the Net.
16:15 of 3rd period - Snap shot by Connor Zary.
16:15 of 3rd period - Stopped by John Gibson with a rebound.
16:37 of 3rd period - Slapshot by Leon Draisaitl.
16:37 of 3rd period - Stopped by Cam Talbot with a rebound.
16:54 of 3rd period - Icing by Brett Leason.
16:55 of 3rd period - Pavel Buchnevich wins face-off versus Casey Mittelstadt in Vancouver Canucks zone.
17:02 of 3rd period - Wrist shot by Jordan Eberle.
17:02 of 3rd period - Shot Blocked by Brett Leason.
17:34 of 3rd period - Wrist shot by Casey Mittelstadt.
17:34 of 3rd period - Stopped by John Gibson with a rebound.
17:36 of 3rd period - Snap shot by Matias Maccelli.
17:36 of 3rd period - Stopped by John Gibson with a rebound.
17:46 of 3rd period - Wrist shot by Casey Mittelstadt.
17:46 of 3rd period - Shot Blocked by Ryan O'Reilly.
17:48 of 3rd period - Wrist shot by Casey Mittelstadt.
17:48 of 3rd period - Shot Misses the Net.
17:50 of 3rd period - Slapshot by Casey Mittelstadt.
17:50 of 3rd period - Shot Misses the Net.
17:52 of 3rd period - Snap shot by Brett Leason.
17:52 of 3rd period - Stopped by John Gibson with a rebound.
17:54 of 3rd period - Wrist shot by Brett Leason.
17:54 of 3rd period - Stopped by John Gibson without a rebound.
17:55 of 3rd period - Sean Couturier wins face-off versus Pavel Buchnevich in Pittsburgh Penguins zone.
17:59 of 3rd period - Minor Penalty to Blake Coleman for Hooking.
18:00 of 3rd period - Aleksander Barkov wins face-off versus Sam Reinhart in Pittsburgh Penguins zone.
18:14 of 3rd period - Travis Sanheim is hit by Miro Heiskanen and loses puck.
19:59 of 3rd period - Penalty to Blake Coleman is over, Blake Coleman is back on ice.
Goals for this period are 1 for Vancouver Canucks vs 1 for Pittsburgh Penguins.
Shots for this period are 13 for Vancouver Canucks vs 7 for Pittsburgh Penguins.